 Dungeon Crawl Stone Soup version 0.28.0-1-gb440e238dd (webtiles) character file.

Game seed: 15909750508795912990

1400288 emikaela the Imperceptible (level 26, 217/217 HPs)
             Began as a Gnoll Hedge Wizard on Feb 13, 2022.
             Was the Champion of Ashenzari.
             Escaped with the Orb
             ... and 3 runes on Feb 20, 2022!
             The game lasted 07:06:07 (94904 turns).

emikaela the Imperceptible (Gnoll Hedge Wizard)    Turns: 94904, Time: 07:06:07

Health: 217/217    AC: 26    Str: 12    XL:     26   Next: 20%
Magic:  35/48      EV: 20    Int: 27    God:    Ashenzari [******]
Gold:   4001       SH: 17    Dex: 12    Spells: 3/67 levels left

rFire   + + .      SeeInvis +   a - staff of air (curse) {Fort, Self}
rCold   + + .      Faith    .   Q - +2 kite shield of the Unyielding Gaze {reflect, Elem, Comp} (curse)
rNeg    + + .      Spirit   .   T - +1 ring mail "Jealousy of Ashenzari" {rPois rF+ rN+ Int+4 Slay-3, Evo, Alch} (curse)
rPois   +          Reflect  +   b - +2 helmet of the Clairvoyant Apathy {Bglg, Alch} (curse)
rElec   +          Harm     .   V - +1 cloak of the Revealing Lethargy {rC+, Elem, Fort} (curse)
rCorr   +          Rampage  .   x - +0 pair of gloves "Mistrust of Ashenzari" {Bglg, Evo} (curse)
Will    +....      Clarity  +   R - +0 pair of boots of Ashenzari's Doubts {Evo, Cun} (curse)
Stlth   +++.......              t - amulet "Relativism of Ashenzari" {RegenMP, Elem, Bglg} (curse)
HPRegen 0.46/turn               L - ring "Enlightened Visionary" {+Blink rF+ rN+ AC+4 SInv, Elem, Bglg} (curse)
MPRegen 0.71/turn               J - ring "Shattered Chagrin" {rCorr, Cun, Melee} (curse)

@: studying 4 skills
A: fangs 1, strong nose, distributed training, cold resistance 1, sense
surroundings 1, evolution 1, MP-powered wands
0: Orb of Zot
}: 3/15 runes: serpentine, barnacled, slimy
a: Renounce Religion, Evoke Blink, Shatter the Chains


You escaped.
You worshipped Ashenzari.
Ashenzari was exalted by your worship.
You visited 10 branches of the dungeon, and saw 52 of its levels.
You visited the Abyss 1 time.
You also visited: Ossuary and Ice Cave.

You collected 5942 gold pieces.
You spent 1941 gold pieces at shops.

Inventory:

Missiles
 d - 2 poisoned darts
 j - 11 javelins
 k - 14 curare-tipped darts {!f}
 n - 7 throwing nets (quivered) {!f}
 v - 12 silver javelins
 D - 15 atropa-tipped darts
Armour
 b - the cursed +2 helmet of the Clairvoyant Apathy (worn) {Bglg, Alch}
   (You found it on level 1 of the Shoals)

   It has a curse which improves the following skills: Beguiling: Conjurations,
   Hexes and Translocations.
   Alchemy:   Poison Magic and Transmutations.
 x - the cursed +0 pair of gloves "Mistrust of Ashenzari" (worn) {Bglg, Evo}
   (You found it on level 6 of the Dungeon)

   It has a curse which improves the following skills: Beguiling: Conjurations,
   Hexes and Translocations.
   Evocations: Evocations.
 Q - the cursed +2 kite shield of the Unyielding Gaze (worn) {reflect, Elem, Comp}
   (You took it off a naga warrior on level 4 of the Snake Pit)

   It has a curse which improves the following skills: Elements: Fire Magic, Ice
   Magic, Air Magic and Earth Magic.
   Companions: Summonings and Necromancy.
 R - the cursed +0 pair of boots of Ashenzari's Doubts (worn) {Evo, Cun}
   (You found it on level 9 of the Dungeon)

   It has a curse which improves the following skills: Evocations: Evocations.
   Cunning:   Dodging and Stealth.
 T - the cursed +1 ring mail "Jealousy of Ashenzari" (worn) {rPois rF+ rN+ Int+4 Slay-3, Evo, Alch}
   (You found it on level 3 of the Dungeon)

   Int:       It affects your intelligence (+4).
   Slay:      It affects your accuracy & damage with ranged weapons and melee
   (-3).
   rF:        It protects you from fire.
   rPois:     It protects you from poison.
   rN:        It protects you from negative energy.
   It has a curse which improves the following skills: Evocations: Evocations.
   Alchemy:   Poison Magic and Transmutations.
 V - the cursed +1 cloak of the Revealing Lethargy (worn) {rC+, Elem, Fort}
   (You found it on level 9 of the Dungeon)

   rC:        It protects you from cold.
   It has a curse which improves the following skills: Elements: Fire Magic, Ice
   Magic, Air Magic and Earth Magic.
   Fortitude: Armour and Shields.
Magical Staves
 a - a cursed staff of air (weapon) {Fort, Self}
Jewellery
 t - the cursed amulet "Relativism of Ashenzari" (around neck) {RegenMP, Elem, Bglg}
   (You found it on level 11 of the Dungeon)

   [amulet of magic regeneration]

   It increases your rate of magic regeneration.
   It has a curse which improves the following skills: Elements: Fire Magic, Ice
   Magic, Air Magic and Earth Magic.
   Beguiling: Conjurations, Hexes and Translocations.
 J - the cursed ring "Shattered Chagrin" (right hand) {rCorr, Cun, Melee}
   (You took it off a purple draconian on level 4 of the Depths)

   [ring of resist corrosion]

   rCorr:     It protects you from acid and corrosion.
   It has a curse which improves the following skills: Cunning: Dodging and
   Stealth.
   Melee Combat: Short Blades, Long Blades, Axes, Maces & Flails, Polearms,
   Staves and Unarmed Combat.
 L - the cursed ring "Enlightened Visionary" (left hand) {+Blink rF+ rN+ AC+4 SInv, Elem, Bglg}
   (You acquired it on level 9 of the Dungeon)

   [ring of protection]

   AC:        It affects your AC (+4).
   rF:        It protects you from fire.
   rN:        It protects you from negative energy.
   SInv:      It lets you see invisible.
   +Blink:    It lets you blink.
   It has a curse which improves the following skills: Elements: Fire Magic, Ice
   Magic, Air Magic and Earth Magic.
   Beguiling: Conjurations, Hexes and Translocations.
Wands
 i - a wand of charming (21)
 A - a wand of acid (31)
 B - a wand of iceblast (22)
 F - a wand of flame (50)
 G - a wand of digging (6)
 K - a wand of mindburst (36)
 P - a wand of paralysis (13)
 Y - a wand of polymorph (36)
Scrolls
 f - 8 scrolls of fear
 g - 7 scrolls of fog
 h - 2 scrolls of holy word
 l - 2 scrolls of blinking
 p - 8 scrolls of teleportation
 u - a scroll of summoning
 C - a scroll of amnesia
 H - 8 scrolls of silence {!r}
Potions
 c - 7 potions of flight
 e - 5 potions of resistance
 o - 3 potions of cancellation
 q - 5 potions of brilliance
 r - 5 potions of mutation {!q}
 w - 2 potions of haste
 z - 5 potions of magic
 I - 5 potions of heal wounds
 M - 5 potions of might
 N - 18 potions of curing
Miscellaneous
 s - a piece from Xom's chessboard (15/15)
 y - a lightning rod (4/4)
 O - a phantom mirror
 U - a condenser vane
 W - a phial of floods
 X - a box of beasts


   Skills:
 + Level 17.5(19.9) Fighting
 + Level 17.5(19.9) Short Blades
 + Level 17.5(19.9) Long Blades
 + Level 17.5(19.9) Axes
 + Level 17.5(19.9) Maces & Flails
 + Level 17.5(19.9) Polearms
 + Level 17.5(19.9) Staves
 + Level 17.5 Slings
 + Level 17.5 Bows
 + Level 17.5 Crossbows
 + Level 20.3 Throwing
 + Level 19.6(23.2) Armour
 + Level 21.4(24.9) Dodging
 + Level 22.0(25.5) Stealth
 + Level 17.5(21.2) Shields
 + Level 17.5(19.9) Unarmed Combat
 + Level 18.7(21.1) Spellcasting
 + Level 15.0(21.2) Conjurations
 + Level 14.9(21.0) Hexes
 + Level 15.0(17.6) Summonings
 + Level 14.9(17.4) Necromancy
 + Level 15.0(21.2) Translocations
 + Level 14.9(18.7) Transmutations
 + Level 14.9(21.0) Fire Magic
 + Level 14.9(21.0) Ice Magic
 + Level 14.9(21.0) Air Magic
 + Level 14.9(21.0) Earth Magic
 + Level 14.9(18.7) Poison Magic
 + Level 18.9 Invocations
 + Level 17.5(22.4) Evocations


You had 3 spell levels left.
You knew the following spells:

 Your Spells              Type           Power      Damage    Failure   Level
a - Magic Dart            Conj           100%       1d8       0%          1
b - Summon Cactus Giant   Summ           44%        N/A       1%          6
c - Mephitic Cloud        Conj/Pois/Air  100%       N/A       0%          3
d - Maxwell's Capacitive  Air            59%        ∞         3%          8
e - Sticky Flame          Conj/Fire      97%        2d11      0%          4
f - Spellforged Servitor  Conj/Summ      46%        N/A       1%          7
g - Summon Lightning Spi  Summ/Air       100%       N/A       0%          4
h - Lehudib's Crystal Sp  Conj/Erth      48%        10d12     3%          8
i - Anguish               Hex/Necr       46%        N/A       0%          4
l - Blink                 Tloc           100%       N/A       0%          2
s - Airstrike             Air            59%        N/A       0%          4
t - Storm Form            Tmut/Air       58%        N/A       1%          7
u - Simulacrum            Ice/Necr       46%        N/A       1%          6

Your spell library contained the following spells:

 Spells                   Type           Power      Damage    Failure   Level
 Foxfire                  Conj/Fire      100%       2x1d9     0%          1
 Shock                    Conj/Air       100%       1d9       0%          1
 Slow                     Hex            100%       N/A       0%          1
 Sting                    Tmut/Pois      100%       1d8       0%          1
 Summon Small Mammal      Summ           100%       N/A       0%          1
 Call Imp                 Summ           89%        N/A       0%          2
 Corpse Rot               Necr/Air       100%       N/A       0%          2
 Ensorcelled Hibernation  Hex/Ice        100%       N/A       0%          2
 Poisonous Vapours        Pois/Air       100%       N/A       0%          2
 Searing Ray              Conj           100%       2d8       0%          2
 Static Discharge         Conj/Air       100%       N/A       0%          2
 Sublimation of Blood     Necr           89%        N/A       0%          2
 Wereblood                Tmut           92%        N/A       0%          2
 Call Canine Familiar     Summ           89%        N/A       0%          3
 Conjure Flame            Conj/Fire      97%        6-21      0%          3
 Dazzling Flash           Conj/Hex       100%       N/A       0%          3
 Frozen Ramparts          Ice            100%       1d12      0%          3
 Ignite Poison            Fire/Tmut/Pois 94%        N/A       0%          3
 Inner Flame              Hex/Fire       97%        N/A       0%          3
 Ozocubu's Armour         Ice            97%        N/A       0%          3
 Portal Projectile        Hex/Tloc       100%       N/A       0%          3
 Spider Form              Tmut/Pois      92%        N/A       0%          3
 Stone Arrow              Conj/Erth      100%       3d13      0%          3
 Summon Guardian Golem    Hex/Summ       93%        N/A       0%          3
 Swiftness                Air            100%       N/A       0%          3
 Tukima's Dance           Hex            97%        N/A       0%          3
 Animate Armour           Summ/Erth      100%       N/A       0%          4
 Cause Fear               Hex            48%        N/A       0%          4
 Flame Wave               Conj/Fire      97%        2d16      0%          4
 Fulminant Prism          Conj/Hex       48%        3d21      0%          4
 Hailstorm                Conj/Ice       97%        3d19      0%          4
 Ice Form                 Ice/Tmut       94%        N/A       0%          4
 Iskenderun's Mystic Bla  Conj/Tloc      97%        2d19      0%          4
 Leda's Liquefaction      Hex/Erth       48%        N/A       0%          4
 Olgreb's Toxic Radiance  Pois           92%        N/A       0%          4
 Passage of Golubria      Tloc           97%        N/A       0%          4
 Petrify                  Tmut/Erth      94%        N/A       0%          4
 Fireball                 Conj/Fire      48%        3d19      0%          5
 Freezing Cloud           Conj/Ice/Air   59%        6-21      0%          5
 Iskenderun's Battlesphe  Conj           97%        2d14      0%          5
 Lee's Rapid Deconstruct  Erth           48%        3d24*     0%          5
 Lightning Bolt           Conj/Air       60%        1d83      0%          5
 Silence                  Hex/Air        59%        N/A       0%          5
 Animate Dead             Necr           44%        N/A       1%          4
 Dispel Undead            Necr           89%        3d28      1%          4
 Irradiate                Conj/Tmut      47%        3d29      1%          5
 Summon Forest            Summ/Tloc      46%        N/A       1%          5
 Summon Mana Viper        Hex/Summ       93%        N/A       1%          5
 Yara's Violent Unravell  Hex/Tmut       47%        3d18      1%          5
 Conjure Ball Lightning   Conj/Air       60%        3x3d22    1%          6
 Death Channel            Necr           44%        N/A       1%          6
 Dispersal                Tloc           48%        N/A       1%          6
 Eringya's Noxious Bog    Tmut/Pois      46%        N/A       1%          6
 Starburst                Conj/Fire      48%        6d13      1%          6
 Statue Form              Tmut/Erth      62%        N/A       1%          6
 Haunt                    Necr/Summ      44%        N/A       1%          7
 Malign Gateway           Summ/Tloc      46%        N/A       1%          7
 Orb of Destruction       Conj           48%        9d13      1%          7
 Ozocubu's Refrigeration  Ice            48%        4d14      1%          7
 Summon Hydra             Summ           44%        N/A       1%          7
 Discord                  Hex            48%        N/A       3%          8
 Disjunction              Tloc           48%        N/A       3%          8
 Ignition                 Fire           48%        3d14      3%          8
 Necromutation            Tmut/Necr      45%        N/A       11%         8
 Summon Horrible Things   Summ           44%        N/A       13%         8
 Borgnjor's Revivificati  Necr           44%        N/A       14%         8
 Infestation              Necr           44%        N/A       14%         8
 Chain Lightning          Conj/Air       60%        3d80      43%         9
 Fire Storm               Conj/Fire      48%        8d12      43%         9
 Shatter                  Erth           48%        3d37*     43%         9
 Death's Door             Necr           44%        N/A       91%         9


Dungeon Overview and Level Annotations

Branches:
Dungeon (15/15)            Temple (0/1) D:7            Lair (6/6) D:9
 Shoals (4/4) Lair:4        Snake (4/4) Lair:2        Slime (5/5) Lair:6
    Orc (2/2) D:10            Elf (3/3) Orc:2        Vaults (4/5) D:13
  Crypt (0/3) Vaults:2     Depths (4/4) D:15            Zot (5/5) Depths:4
Ossuary (visited)           IceCv (visited)

Altars:
Ashenzari
Makhleb
Okawaru
Sif Muna
Wu Jian
Xom
The Shining One
Beogh
Jiyva
Lugonu

Shops:
D:13 ?   Orc:1 [(   Orc:2 *([:(   Elf:1 [   Elf:2 *   Shoals:1 :   Shoals:4 :
Snake:4 *   Depths:2 (*

Portals:
Hell: Depths:1 Depths:2 Depths:3 Depths:4
Abyss: Depths:3 Depths:4
Pandemonium: Depths:2
Ziggurat: Depths:4
Trove: Depths:1 (show slimy rune of Zot)

Annotations:
D:4 exclusions: black bear and centaur
D:8 1 runed translucent door, Armakuni's ghost, novice HuWn
Lair:2 Harold
Shoals:3 Mara
Snake:3 Vashnia
Orc:1 1 runed translucent door, prawnwizard's ghost, journeyman MfMo
Vaults:2 Boris
Vaults:4 Mennas
Depths:2 1 runed translucent door
Zot:1 1 transporter
Zot:5 1 exclusion


Innate Abilities, Weirdness & Mutations

You have very sharp teeth.
Your uncanny sense of smell can sniff out nearby items.
Your experience applies equally to all skills.
Your flesh is cold resistant. (rC+)
You passively map a small area around you.
You have hidden genetic potential.
You expend magic power (3 MP) to strengthen your wands.


Message History

Casting: Spellforged Servitor (mildly dangerous; 1% risk of failure)
Confirm with . or Enter, or press ? or * to list all spells.
Aiming: Airstrike (safe; 0% risk of failure)
Press: ? - help, Dir - move target, f - hell beast
Aim: a hell beast (ally target, empty space bonus: 7/8)
You feel a surge of power!
The air twists around and strikes the hell beast!!
The hell beast is moderately wounded.
Your cactus giant closely misses the hell beast.
The hell beast barely misses your spellforged servitor.
The hell beast tramples your spellforged servitor but does no damage.
Your spellforged servitor casts a spell at the hell beast.
The crystal spear hits the hell beast!!
Casting: Airstrike (safe; 0% risk of failure)
Confirm with . or Enter, or press ? or * to list all spells.
Aiming: Airstrike (safe; 0% risk of failure)
Press: ? - help, Dir - move target, f/p - hell beast
Aim: a hell beast (severely wounded, ally target, empty space bonus: 6/8)
You feel a surge of power!
The air twists around and strikes the hell beast!!
The hell beast is almost dead.
The hell beast bites your spellforged servitor but does no damage.
The hell beast tramples your spellforged servitor.
Your spellforged servitor is shoved backwards!
Casting: Airstrike (safe; 0% risk of failure)
Confirm with . or Enter, or press ? or * to list all spells.
Aiming: Airstrike (safe; 0% risk of failure)
Press: ? - help, Dir - move target, f/p - hell beast
Aim: a hell beast (almost dead, ally target, empty space bonus: 6/8)
You feel a surge of power!
The air twists around and strikes the hell beast!!
You kill the hell beast!
(D) Dungeon (T) Temple (L) Lair (A) Shoals (P) Snake Pit (M) Slime Pits (O) Orcish Mines (E) Elven Halls (V) Vaults (C) Crypt (U) Depths (H) Hell (Z) Zot
Where to? (Enter - D:1 @ (x,y), ? - help)
There is an open door here.
There is a staircase leading out of the dungeon here.
You have escaped!

##'## ##>########'#### #
##...######...######...### #
#.................{.....#####
#..⌠........⌠........⌠..#....
#.......................#.###
##...######...######...##.#.#
##### #####'############...#
##...C9....###### ###.#
#..♣..@..♣..#### #.#
##.........## ###.#
########### #...# #########
##### #########


You could see a friendly spellforged servitor (summoned) and a friendly cactus
giant (summoned).

Vanquished Creatures
  the Royal Jelly (Slime:5)
  A dread lich (Zot:5)
  An ancient lich (Zot:5)
  A pandemonium lord (Depths:3)
  2 Killer Klowns (Zot:5)
  5 golden dragons
  A curse toe (Zot:4)
  A profane servitor (D:11)
  An electric golem (Zot:5)
  Jorgrun (Orc:2)
  3 tentacled monstrosities
  An Ice Fiend (Zot:2)
  6 Orb Guardians
  2 liches
  6 quicksilver dragons
  11 acid blobs
  2 deep elf blademasters
  A death cob (Zot:2)
  2 deep elf master archers (Elf:3)
  4 sphinxes
  A tentacled starspawn (Abyss:3)
  3 shadow dragons
  2 storm dragons
  Donald (Snake:4)
  3 azure jellies
  2 nagarajas (Snake:4)
  5 draconian monks
  6 fire giants
  A draconian knight (Zot:3)
  5 rockslimes (Slime:5)
  3 deep elf sorcerers (Elf:3)
  2 frost giants
  5 vault wardens
  A cacodemon (D:5)
  Aizul (Snake:4)
  3 ironbound preservers (Vaults:1)
  4 draconian shifters
  A ghost moth (Zot:3)
  A demonspawn corrupter (Zot:5)
  3 deep elf elementalists (Elf:3)
  2 draconian annihilators (Depths:4)
  2 stone giants
  3 quicksilver oozes
  6 very ugly things
  6 starcursed masses (Abyss:3)
  A caustic shrike skeleton (Depths:2)
  4 ironbound thunderhulks (Vaults:3)
  2 vampire knights
  2 green draconians
  3 deep elf demonologists (Elf:3)
  10 dire elephants
  An entropy weaver (Vaults:2)
  4 black draconians
  A lorocyproca (Abyss:3)
  11 purple draconians
  5 deep elf annihilators (Elf:3)
  2 white draconians
  2 yellow draconians
  5 red draconians (Depths:4)
  4 spark wasps
  4 ettins
  An ettin (shapeshifter) (Depths:3)
  7 deep elf death magi
  6 merfolk impalers
  4 merfolk javelineers
  A jiangshi (D:15)
  4 fire dragons
  A crystal guardian (Vaults:3)
  5 yaktaur captains
  7 great orbs of eyes
  6 ice dragons
  A deep elf high priest (Elf:3)
  7 vault guards
  2 boulder beetles
  3 rakshasas
  6 naga warriors
  A spriggan air mage (Depths:3)
  4 hydras
  A merfolk avatar (Shoals:2)
  2 peacekeepers
  A salamander tyrant (Snake:4)
  6 ironbound frosthearts
  A hell beast (D:1)
  8 anacondas
  3 merfolk aquamancers
  6 centaur warriors
  2 two-headed ogres
  4 catoblepae
  2 alligator snapping turtles
  6 death yaks
  10 dancing weapons
  2 deep troll shamans
  2 satyrs
  2 tengu warriors
  3 deep troll earth magi
  3 orc high priests (Orc:2)
  2 thrashing horrors (Abyss:3)
  3 spriggan berserkers
  Urug (D:13)
  6 hell knights
  9 shock serpents
  22 deep elf knights
  13 naga sharpshooters
  A spriggan (Depths:2)
  An iron troll (D:15)
  A sun demon (D:12)
  A shadow wraith (Abyss:3)
  2 sixfirhies
  A storm dragon skeleton (Depths:2)
  A titan skeleton (Depths:2)
  4 salamander mystics
  16 deep trolls
  8 skeletal warriors
  A glowing orange brain (Depths:2)
  3 sea snakes
  A death drake (Depths:4)
  An orb spider (shapeshifter) (Vaults:3)
  2 naga ritualists
  A shadow demon (Zot:5)
  A golden dragon skeleton (Depths:2)
  6 nameless horrors
  8 mana vipers
  17 deep elf pyromancers
  6 harpies (Shoals:4)
  10 ironbound convokers
  2 lindwurms
  7 deep elf archers
  4 phantasmal warriors
  6 wizards
  23 deep elf zephyrmancers
  8 salamanders
  10 orc knights
  A sphinx skeleton (Depths:2)
  A frost giant zombie (Vaults:3)
  13 manticores
  12 fauns
  2 orc sorcerers
  12 ugly things
  12 moths of wrath
  4 cyclopes
  An iron dragon skeleton (Depths:2)
  3 shining eyes
  Maurice (Orc:2)
  A human skeleton (Vaults:3)
  3 vault sentinels
  4 elephants (Lair:5)
  A frost giant skeleton (Depths:2)
  2 fire giant skeletons (Depths:2)
  3 guardian serpents (Snake:4)
  3 water nymphs
  6 merfolk sirens
  13 naga magi
  22 black mambas
  A gargoyle (D:12)
  3 rime drakes
  15 yaktaurs
  7 cane toads
  An efreet (Zot:5)
  An ice devil (D:11)
  A kobold demonologist (D:9)
  10 komodo dragons
  2 unseen horrors
  3 freezing wraiths (D:14)
  A red devil (D:10)
  3 tengu conjurers
  18 merfolk
  A wolf spider simulacrum (D:13)
  2 polar bears (IceCv)
  4 trolls
  4 wind drakes
  Grinder (D:5)
  Prince Ribbit (D:6)
  8 blink frogs
  2 hornets
  49 slime creatures
  7 dream sheep
  7 snapping turtles
  A snapping turtle (shapeshifter) (Depths:2)
  5 large abominations
  11 flying skulls (Depths:2)
  2 shadows (D:13)
  5 water elementals
  3 fire elementals
  3 wyverns
  32 yaks
  13 humans
  2 wraiths
  A hog (D:15)
  10 golden eyes
  6 basilisks
  4 vampire mosquitoes (D:14)
  2 steam dragons
  A neqoxec (Zot:3)
  Menkaure (D:5)
  3 hell hounds (Lair:6)
  28 nagas
  6 wargs (Orc:2)
  6 water moccasins
  2 floating eyes
  A black bear (D:6)
  27 orc warriors
  2 sky beasts
  5 ogres
  2 necrophages
  13 wolves
  A centaur (D:12)
  2 lemures (D:8)
  A phantom (D:5)
  5 kobold brigands
  An elf zombie (Ossuary)
  3 earth elementals
  6 bullfrogs
  A gnoll sergeant (D:8)
  A wyvern zombie (D:7)
  A water moccasin skeleton (D:5)
  2 killer bees (D:8)
  5 electric eels
  A howler monkey (D:4)
  5 lava snakes (Lair:6)
  A bullfrog zombie (D:6)
  36 orc priests
  4 centaur zombies
  5 jellies
  Jessica (D:3)
  3 iguanas
  8 orc wizards
  A killer bee zombie (D:7)
  2 mummies (Ossuary)
  2 howler monkey zombies
  9 adders
  10 gnolls
  An ufetubus (D:6)
  An adder skeleton (D:4)
  2 worms (D:5)
  A dart slug (D:3)
  60 orcs
  10 endoplasms
  3 giant cockroaches (D:4)
  8 goblins
  6 hobgoblins
  28 kobolds
  3 quokkas
  6 ball pythons
  5 bats
  4 frilled lizards
  2 goblin zombies (Ossuary)
  A hobgoblin zombie (Ossuary)
  2 kobold zombies (Ossuary)
  2 orc zombies (Ossuary)
  4 rats
  A starspawn tentacle (Abyss:3)
1261 creatures vanquished.

Vanquished Creatures (collateral kills)
  2 dread liches (Zot:5)
  An ancient lich (Zot:5)
  A juggernaut (Depths:3)
  An orb of fire (Zot:5)
  A Killer Klown (Zot:5)
  Frederick (Vaults:4)
  6 golden dragons
  An electric golem (Zot:5)
  A hellephant (D:5)
  Rupert (D:13)
  4 tentacled monstrosities
  A deep elf blademaster (Elf:3)
  22 Orb Guardians
  A titan (Depths:3)
  A quicksilver dragon (Zot:5)
  2 krakens
  A lich (Depths:3)
  2 walking divine tomes
  10 acid blobs
  A tentacled starspawn (Abyss:3)
  Gastronok (Lair:3)
  2 sphinxes
  An ancient champion (Vaults:2)
  An Executioner (Zot:5)
  2 death cobs
  2 shadow dragons (Depths:4)
  A tengu reaver (Depths:2)
  2 nagarajas
  Ilsuiw (Shoals:4)
  Kirke (D:15)
  A storm dragon (Depths:4)
  3 rockslimes (Slime:5)
  2 draconian monks (Depths:4)
  7 fire giants (Depths:3)
  2 deep elf sorcerers
  7 azure jellies (Slime:5)
  An iron dragon (Vaults:3)
  Louise (Elf:3)
  A ghost moth (Zot:5)
  A curse skull (Depths:2)
  4 frost giants
  3 draconian shifters
  An orc warlord (Vaults:2)
  A deep elf elementalist (Elf:3)
  A spriggan defender (Depths:3)
  8 vault wardens
  2 war gargoyles (Vaults:2)
  6 ironbound preservers
  4 quicksilver oozes
  A juggernaut skeleton (Depths:2)
  A caustic shrike skeleton (Depths:2)
  3 green draconians (Depths:4)
  5 stone giants
  11 very ugly things
  2 ironbound thunderhulks (Vaults:3)
  2 vampire knights (Depths:3)
  3 deep elf demonologists
  A yellow draconian (Zot:5)
  3 deep elf annihilators
  7 black draconians
  9 dire elephants
  A lorocyproca (D:15)
  A red draconian (Depths:4)
  3 white draconians (Depths:4)
  3 deep elf death magi (Elf:3)
  6 purple draconians
  2 spark wasps (Depths:4)
  2 merfolk impalers (Shoals:4)
  3 merfolk javelineers (Shoals:4)
  A jiangshi (Depths:1)
  3 deep elf high priests (Elf:3)
  6 ettins
  2 yaktaur captains
  3 fire dragons
  3 great orbs of eyes
  4 ice dragons
  A salamander tyrant (Snake:2)
  Fannar (Orc:1)
  A boulder beetle (Vaults:2)
  2 rakshasas
  6 naga warriors
  2 vault guards (Vaults:3)
  7 hydras
  An ironbound frostheart (Vaults:3)
  3 spriggan air magi
  2 quicksilver dragon skeletons (Depths:2)
  2 death knights
  2 anacondas
  A satyr (Shoals:4)
  2 centaur warriors (Vaults:2)
  2 merfolk avatars
  6 death yaks
  3 two-headed ogres
  4 deep troll shamans
  2 thrashing horrors (Abyss:3)
  2 tengu warriors
  A vampire mage (Depths:1)
  10 dancing weapons
  9 naga sharpshooters
  3 deep troll earth magi
  2 orc high priests (Orc:2)
  A spriggan berserker (Depths:2)
  7 hell knights
  2 titan skeletons (Depths:2)
  6 deep elf knights
  A salamander mystic (Snake:4)
  9 skeletal warriors
  10 iron trolls
  14 deep trolls
  2 death drakes (Depths:4)
  A sea snake (Shoals:1)
  A sixfirhy (D:5)
  A naga ritualist (Snake:3)
  6 deep elf archers
  5 ironbound convokers
  Pikel (D:8)
  A phantasmal warrior (Vaults:2)
  A wizard (Vaults:3)
  A lindwurm (Vaults:2)
  2 necromancers
  2 harpies (Shoals:4)
  8 deep elf zephyrmancers
  2 fauns (Shoals:2)
  2 mana vipers
  9 deep elf pyromancers
  3 tengu skeletons (Depths:2)
  6 orc knights
  9 ugly things
  A shadow dragon skeleton (Depths:2)
  A frost giant skeleton (Depths:2)
  6 cyclopes
  3 moths of wrath
  4 manticores
  2 salamanders (Snake:4)
  An ice statue (IceCv)
  A sphinx skeleton (Depths:2)
  4 merfolk sirens
  3 vault sentinels
  4 black mambas
  A stone giant skeleton (Depths:2)
  A water nymph (Shoals:2)
  A guardian serpent (Snake:4)
  2 fire giant skeletons (Depths:2)
  A torpor snail (Lair:5)
  An orange demon (D:5)
  5 naga magi
  2 molten gargoyles (Lair:6)
  4 cane toads
  3 kobold demonologists (D:9)
  2 hellions
  9 rime drakes
  An ice devil (D:11)
  14 yaktaurs
  2 freezing wraiths
  2 spriggan skeletons (Depths:2)
  2 yaktaur skeletons (Vaults:3)
  4 polar bears
  8 merfolk
  32 slime creatures
  A hornet (D:9)
  11 dream sheep
  3 snapping turtles
  A large abomination (Abyss:3)
  7 blink frogs
  2 flying skulls
  An air elemental (Elf:3)
  A vampire (D:9)
  36 yaks
  3 wyverns
  3 water elementals
  3 humans (D:13)
  4 hogs (D:15)
  A neqoxec (Abyss:3)
  A redback (Vaults:2)
  3 basilisks
  A vampire mosquito (D:11)
  A warg (Orc:2)
  14 nagas
  2 acid dragons
  A human skeleton (Depths:2)
  11 water moccasins
  3 hell hounds
  16 orc warriors
  2 sky beasts (D:7)
  A necrophage (D:8)
  2 ogres
  2 small abominations (Abyss:3)
  16 wolves
  A centaur (D:9)
  A lemure (D:9)
  A bullfrog (Lair:4)
  A kobold brigand (D:9)
  A gnoll sergeant (D:9)
  An earth elemental (Elf:1)
  4 killer bees
  A howler monkey (D:11)
  4 nameless horrors
  4 crimson imps (D:9)
  2 centaur zombies
  6 starcursed masses (Abyss:3)
  A human zombie (Ossuary)
  A jelly (Lair:6)
  4 orc priests
  Terence (D:2)
  An iguana (D:9)
  4 orc wizards
  A mummy (Ossuary)
  Robin (D:2)
  4 gnolls (D:9)
  16 orcs
  An endoplasm (Lair:6)
  A goblin zombie (Ossuary)
  4 kobolds
  2 starspawn tentacles (Abyss:3)
  5 tentacles
766 creatures vanquished.

Vanquished Creatures (others)
  A draconian knight (Zot:5)
  A draconian annihilator (Zot:5)
  A deep elf knight (Elf:3)
  A naga ritualist (Snake:4)
  A moth of wrath (Zot:3)
  A black mamba (Snake:4)
  A naga mage (Snake:1)
  A dream sheep (Lair:4)
  A water elemental (Abyss:3)
  A human (D:15)
  A yak (Lair:6)
  2 orcs (Orc:1)
  3 bushes (D:9)
  58 fungi
  198 plants
  5 starspawn tentacles (Abyss:3)
  18 tentacles
295 creatures vanquished.

Grand Total: 2322 creatures vanquished

Notes
Turn   | Place    | Note
-------+----------+-------------------------------------------
     0 | D:1      | emikaela the Gnoll Hedge Wizard began the quest for the
                  | Orb.
     0 | D:1      | Reached XP level 1. HP: 13/13 MP: 8/8
   473 | D:1      | Reached XP level 2. HP: 19/19 MP: 5/10
   734 | D:1      | Found a faded altar of an unknown god.
   746 | D:1      | Prayed at the altar of an unknown god.
   746 | D:1      | Became a worshipper of Ashenzari the Shackled
   875 | D:1      | Learned a level 2 spell: Blink
   878 | D:1      | Learned a level 2 spell: Call Imp
   880 | D:1      | Learned a level 1 spell: Slow
   999 | D:2      | Reached XP level 3. HP: 22/25 MP: 4/11
  1125 | D:2      | Reached skill level 1 in Invocations
  1139 | D:2      | Learned a level 3 spell: Conjure Flame
  1143 | D:2      | Learned a level 3 spell: Mephitic Cloud
  1586 | D:2      | Found a shimmering blue altar of Sif Muna.
  1603 | D:2      | Learned a level 2 spell: Static Discharge
  1767 | D:2      | Noticed Robin
  2011 | D:2      | Noticed Terence
  2125 | D:2      | Reached skill level 1 in Fighting
  2125 | D:2      | Reached skill level 1 in Short Blades
  2125 | D:2      | Reached skill level 1 in Long Blades
  2125 | D:2      | Reached skill level 1 in Axes
  2125 | D:2      | Reached skill level 1 in Maces & Flails
  2125 | D:2      | Reached skill level 1 in Polearms
  2125 | D:2      | Reached skill level 1 in Staves
  2125 | D:2      | Reached skill level 1 in Slings
  2125 | D:2      | Reached skill level 1 in Bows
  2125 | D:2      | Reached skill level 1 in Crossbows
  2125 | D:2      | Reached skill level 1 in Throwing
  2125 | D:2      | Reached skill level 1 in Armour
  2125 | D:2      | Reached skill level 1 in Shields
  2125 | D:2      | Reached skill level 1 in Unarmed Combat
  2125 | D:2      | Reached skill level 1 in Evocations
  2244 | D:2      | Killed Robin
  2245 | D:2      | Reached XP level 4. HP: 32/32 MP: 4/13
  2783 | D:2      | Reached skill level 1 in Hexes
  2783 | D:2      | Reached skill level 1 in Necromancy
  2783 | D:2      | Reached skill level 1 in Transmutations
  2783 | D:2      | Reached skill level 1 in Fire Magic
  2783 | D:2      | Reached skill level 1 in Ice Magic
  2783 | D:2      | Reached skill level 1 in Air Magic
  2783 | D:2      | Reached skill level 1 in Earth Magic
  2783 | D:2      | Reached skill level 1 in Poison Magic
  3134 | D:2      | Killed Terence
  3135 | D:2      | Reached XP level 5. HP: 37/37 MP: 6/14
  3866 | D:3      | You fall into a shaft and drop 1 floor!
  3866 | D:4      | Noticed an ogre
  3871 | D:4      | Killed an ogre
  3872 | D:4      | Reached XP level 6. HP: 39/44 MP: 11/16
  3878 | D:4      | Reached skill level 5 in Dodging
  4170 | D:3      | Noticed Jessica
  4181 | D:3      | Killed Jessica
  4366 | D:3      | Identified the +1 ring mail of Plog {rPois rF+ rN+ Int+4
                  | Slay-3}
  5116 | D:4      | Noticed a black bear
  5251 | D:4      | Found a glowing golden altar of the Shining One.
  5527 | D:5      | Entered Level 5 of the Dungeon
  5586 | D:5      | Noticed Menkaure
  5657 | D:5      | Reached XP level 7. HP: 32/50 MP: 15/18
  5750 | D:5      | Noticed Grinder
  5912 | D:5      | Found a sand-covered staircase.
  5917 | Ossuary  | Entered an ossuary
  5917 | Ossuary  | Noticed a wraith
  5917 | Ossuary  | Noticed a wraith
  5917 | Ossuary  | Noticed a wraith
  6549 | Ossuary  | Noticed a wraith
  6551 | Ossuary  | Killed a wraith
  6552 | Ossuary  | Reached skill level 5 in Stealth
  6901 | D:5      | Killed Menkaure
  6902 | D:5      | Reached XP level 8. HP: 57/57 MP: 15/19
  6963 | D:5      | Paralysed by Grinder for 2 turns
  6970 | D:5      | Killed Grinder
  7184 | D:5      | Learned a level 3 spell: Call Canine Familiar
  7658 | D:6      | Noticed a wyvern
  7843 | D:6      | Killed a wyvern
  7885 | D:6      | Noticed Prince Ribbit
  8494 | D:6      | Reached XP level 9. HP: 42/65 MP: 10/21
  8715 | D:6      | Killed Prince Ribbit
  8854 | D:6      | Learned a level 4 spell: Sticky Flame
  9389 | D:7      | Reached skill level 6 in Stealth
  9656 | D:7      | Identified the +6 short sword "Cyecwuas" {drain, rElec rF-
                  | rN++}
  9995 | D:7      | Noticed a hornet
 10009 | D:7      | Killed a hornet
 10512 | D:7      | Reached skill level 5 in Invocations
 10523 | D:7      | Found a staircase to the Ecumenical Temple.
 11851 | D:8      | Reached XP level 10. HP: 73/73 MP: 8/22
 12212 | D:8      | Learned a level 4 spell: Summon Lightning Spire
 12245 | D:8      | Found a runed translucent door.
 12246 | D:8      | Found a shimmering altar of Xom.
 12246 | D:8      | Noticed Armakuni's ghost (novice HuWn)
 12246 | D:8      | Noticed a +4 hand axe of chaos
 12717 | D:8      | Reached skill level 5 in Fighting
 12717 | D:8      | Reached skill level 5 in Short Blades
 12717 | D:8      | Reached skill level 5 in Long Blades
 12717 | D:8      | Reached skill level 5 in Axes
 12717 | D:8      | Reached skill level 5 in Maces & Flails
 12717 | D:8      | Reached skill level 5 in Polearms
 12717 | D:8      | Reached skill level 5 in Staves
 12717 | D:8      | Reached skill level 5 in Slings
 12717 | D:8      | Reached skill level 5 in Bows
 12717 | D:8      | Reached skill level 5 in Crossbows
 12717 | D:8      | Reached skill level 5 in Throwing
 12717 | D:8      | Reached skill level 5 in Armour
 12717 | D:8      | Reached skill level 5 in Shields
 12717 | D:8      | Reached skill level 5 in Unarmed Combat
 12717 | D:8      | Reached skill level 5 in Evocations
 12906 | D:9      | Noticed Pikel
 12942 | D:9      | Noticed a kobold demonologist
 12946 | D:9      | Noticed a kobold demonologist
 12950 | D:9      | Noticed a kobold demonologist
 12958 | D:9      | Killed a kobold demonologist
 12959 | D:9      | Noticed a kobold demonologist
 13410 | D:8      | Killed Pikel
 13665 | D:9      | Noticed a smoke demon
 13667 | D:9      | Noticed a rust devil
 13686 | D:8      | Reached skill level 5 in Conjurations
 13686 | D:8      | Reached skill level 5 in Summonings
 13686 | D:8      | Reached skill level 5 in Translocations
 14125 | D:9      | Reached skill level 7 in Stealth
 14368 | D:9      | Found a shimmering altar of Xom.
 14511 | D:9      | Killed a kobold demonologist
 14926 | D:9      | Killed a kobold demonologist
 15103 | D:9      | Identified the +1 cloak of the Eagle {rC+}
 15109 | D:9      | Reached XP level 11. HP: 81/81 MP: 16/24
 15173 | D:9      | Found a staircase to the Lair.
 15685 | D:9      | Reached skill level 5 in Hexes
 15685 | D:9      | Reached skill level 5 in Necromancy
 15685 | D:9      | Reached skill level 5 in Transmutations
 15685 | D:9      | Reached skill level 5 in Fire Magic
 15685 | D:9      | Reached skill level 5 in Ice Magic
 15685 | D:9      | Reached skill level 5 in Air Magic
 15685 | D:9      | Reached skill level 5 in Earth Magic
 15685 | D:9      | Reached skill level 5 in Poison Magic
 15771 | D:9      | Reached * piety under Ashenzari
 15771 | D:9      | Identified a scroll of acquirement
 15772 | D:9      | Acquired the ring of Jatso {+Blink rF+ rN+ AC+4 SInv}
 16303 | D:10     | Entered Level 10 of the Dungeon
 16424 | D:10     | Noticed a two-headed ogre
 16439 | D:10     | Killed a two-headed ogre
 16927 | D:10     | Found a staircase to the Orcish Mines.
 17350 | D:10     | Got the Collected Works on Transmigration and the Volcanoes
 17402 | D:10     | Noticed a manticore
 17427 | D:10     | Killed a manticore
 18023 | D:11     | Noticed a two-headed ogre
 18034 | D:11     | Killed a two-headed ogre
 18089 | D:11     | Noticed a cyclops
 18161 | D:11     | Reached skill level 8 in Stealth
 18189 | D:11     | Noticed a two-headed ogre
 18333 | D:11     | Noticed a manticore
 18350 | D:11     | Killed a manticore
 18363 | D:11     | Reached skill level 10 in Spellcasting
 18363 | D:11     | Reached XP level 12. HP: 72/89 MP: 3/26
 18375 | D:11     | Noticed a two-headed ogre
 18468 | D:11     | Killed a two-headed ogre
 18482 | D:11     | Found a frozen archway.
 18574 | IceCv    | Entered an ice cave
 18591 | IceCv    | Noticed a death yak
 18604 | IceCv    | Killed a death yak
 18892 | IceCv    | Noticed a death yak
 18900 | IceCv    | Killed a death yak
 19246 | IceCv    | Noticed a death yak
 19256 | IceCv    | Killed a death yak
 19400 | IceCv    | Noticed a death yak
 19405 | IceCv    | Noticed a death yak
 19407 | IceCv    | Noticed a death yak
 19411 | IceCv    | Killed a death yak
 19424 | IceCv    | Killed a death yak
 19448 | IceCv    | Killed a death yak
 19582 | IceCv    | Noticed a frost giant
 19582 | IceCv    | Noticed a death yak
 19599 | IceCv    | Killed a death yak
 19619 | IceCv    | Reached skill level 9 in Stealth
 19619 | IceCv    | Reached XP level 13. HP: 65/98 MP: 6/27
 19626 | IceCv    | Killed a frost giant
 20826 | D:11     | Reached ** piety under Ashenzari
 21027 | Lair:1   | Entered Level 1 of the Lair of Beasts
 21825 | Lair:2   | Found a staircase to the Snake Pit.
 22185 | Lair:2   | Reached *** piety under Ashenzari
 22527 | Lair:2   | Noticed Harold
 23095 | Snake:1  | Entered Level 1 of the Snake Pit
 23095 | Snake:1  | Found a burning altar of Makhleb.
 23319 | Lair:3   | Noticed Gastronok
 23339 | Lair:3   | Killed Gastronok
 23379 | Lair:3   | Learned a level 4 spell: Airstrike
 23544 | Lair:3   | Identified the +2 robe of Valiance {Contam rCorr Str+10
                  | Slay-4}
 23849 | Lair:3   | Reached **** piety under Ashenzari
 24896 | Lair:4   | Reached skill level 10 in Dodging
 24896 | Lair:4   | Reached XP level 14. HP: 102/106 MP: 25/29
 25158 | Lair:4   | Learned a level 4 spell: Anguish
 25364 | Lair:4   | Found a staircase to the Shoals.
 25410 | Lair:4   | Reached skill level 10 in Stealth
 25811 | Lair:4   | Reached skill level 10 in Invocations
 26413 | Lair:5   | Reached ***** piety under Ashenzari
 26664 | Lair:5   | Found a shimmering blue altar of Sif Muna.
 27126 | Lair:6   | Entered Level 6 of the Lair of Beasts
 27589 | Lair:6   | Found a staircase to the Slime Pits.
 27606 | Lair:6   | Acquired a +4 demon blade of electrocution
 27996 | Lair:6   | Reached XP level 15. HP: 95/115 MP: 4/31
 28634 | Lair:6   | Found a large runed translucent door.
 28635 | Lair:6   | Found a large runed translucent door.
 29876 | D:12     | Reached skill level 10 in Fighting
 29876 | D:12     | Reached skill level 10 in Short Blades
 29876 | D:12     | Reached skill level 10 in Long Blades
 29876 | D:12     | Reached skill level 10 in Axes
 29876 | D:12     | Reached skill level 10 in Maces & Flails
 29876 | D:12     | Reached skill level 10 in Polearms
 29876 | D:12     | Reached skill level 10 in Staves
 29876 | D:12     | Reached skill level 10 in Slings
 29876 | D:12     | Reached skill level 10 in Bows
 29876 | D:12     | Reached skill level 10 in Crossbows
 29876 | D:12     | Reached skill level 10 in Throwing
 29876 | D:12     | Reached skill level 10 in Armour
 29876 | D:12     | Reached skill level 10 in Shields
 29876 | D:12     | Reached skill level 10 in Unarmed Combat
 29876 | D:12     | Reached skill level 10 in Evocations
 30148 | D:12     | Identified the +1 ring mail of Temperance {Str+3}
 30868 | D:13     | Noticed Urug
 30868 | D:13     | Noticed Rupert
 30868 | D:13     | Found a gate to the Vaults.
 30974 | D:13     | Killed Rupert
 30986 | D:13     | Killed Urug
 30987 | D:13     | Reached skill level 11 in Stealth
 31784 | D:13     | Found Guiffeutz's Magic Scroll Boutique.
 33780 | D:15     | Entered Level 15 of the Dungeon
 33828 | D:15     | Reached XP level 16. HP: 123/123 MP: 14/32
 33876 | D:15     | Noticed Kirke
 33886 | D:15     | Killed Kirke
 33964 | D:15     | Identified the +5 ring mail of Servitude {rN+ Int-3 Slay+3}
 34004 | D:15     | Identified the +7 dagger "Naimamoi" {vorpal, Int+2}
 34211 | D:15     | HP: 6/124 [ettin (38)]
 34728 | D:15     | Found a staircase to the Depths.
 35593 | Orc:1    | Entered Level 1 of the Orcish Mines
 35598 | Orc:1    | Noticed Fannar
 35608 | Orc:1    | Killed Fannar
 35614 | D:10     | Reached ****** piety under Ashenzari
 35732 | Orc:1    | Found a runed translucent door.
 35732 | Orc:1    | Found a shimmering altar of Xom.
 35732 | Orc:1    | Noticed prawnwizard's ghost (journeyman MfMo)
 35736 | Orc:1    | Found Rinaimp's Armour Boutique.
 35826 | Orc:1    | Found a burning altar of Makhleb.
 35845 | Orc:1    | Found Nimmy's Weapon Shoppe.
 35948 | Orc:2    | Entered Level 2 of the Orcish Mines
 35948 | Orc:2    | Noticed Maurice
 35969 | Orc:2    | Noticed Jorgrun
 36020 | Orc:2    | Found a staircase to the Elven Halls.
 36156 | Orc:2    | Killed Maurice
 36412 | Orc:2    | Killed Jorgrun
 36619 | Orc:2    | Found Gadair's Antique Weapon Shop.
 37993 | Orc:2    | Found Giulitt's Book Shoppe.
 37996 | Orc:2    | Found Qeedui's Assorted Antiques.
 37996 | Orc:2    | Found Peijarph's Antique Weapon Emporium.
 37997 | Orc:2    | Found Imaet's Armour Shoppe.
 39159 | Snake:1  | Reached skill level 12 in Stealth
 39655 | Snake:1  | Identified the Volume of Bewitchment and the Glacier
 39819 | Snake:1  | Reached XP level 17. HP: 131/131 MP: 16/34
 40887 | Snake:2  | Learned a level 7 spell: Storm Form
 40969 | Snake:2  | Identified the cursed +1 hat "Eternal Prison" {Bglg, Melee}
                  | (You found it on level 3 of the Dungeon)
 40969 | Snake:2  | Identified the cursed +0 pair of gloves "Mistrust of
                  | Ashenzari" {Bglg, Evo} (You found it on level 6 of the
                  | Dungeon)
 40969 | Snake:2  | Identified the cursed +0 pair of boots of Ashenzari's
                  | Doubts {Evo, Cun} (You found it on level 9 of the Dungeon)
 40969 | Snake:2  | Identified the cursed +0 buckler "Chained Omen" {Elem, Cun}
                  | (You took it off a gnoll sergeant on level 8 of the
                  | Dungeon)
 40980 | Snake:2  | Reached skill level 10 in Conjurations
 40980 | Snake:2  | Reached skill level 10 in Summonings
 40980 | Snake:2  | Reached skill level 10 in Translocations
 41233 | Snake:2  | Identified the +8 glaive "Sesuk" {flame, *Noise MP-9 Int+8
                  | Dex+3}
 41254 | Snake:2  | Identified the +3 ring mail of Forking Paths {rElec rC-
                  | Str+3}
 43137 | Snake:4  | Entered Level 4 of the Snake Pit
 43236 | Snake:4  | Noticed Donald
 43505 | Snake:4  | Found Isuxtuja's General Store.
 43734 | Snake:4  | Bought a potion of haste for 220 gold pieces
 43734 | Snake:4  | Bought a scroll of blinking for 165 gold pieces
 43734 | Snake:4  | Bought a potion of haste for 220 gold pieces
 43859 | Snake:4  | Noticed Aizul
 43881 | Snake:4  | Reached skill level 10 in Hexes
 43881 | Snake:4  | Reached skill level 10 in Necromancy
 43881 | Snake:4  | Reached skill level 10 in Transmutations
 43881 | Snake:4  | Reached skill level 10 in Fire Magic
 43881 | Snake:4  | Reached skill level 10 in Ice Magic
 43881 | Snake:4  | Reached skill level 10 in Air Magic
 43881 | Snake:4  | Reached skill level 10 in Earth Magic
 43881 | Snake:4  | Reached skill level 10 in Poison Magic
 44162 | Snake:4  | Reached skill level 13 in Stealth
 44293 | Snake:4  | Found a burning altar of Makhleb.
 44314 | Snake:4  | Killed Donald
 45514 | Snake:4  | Reached XP level 18. HP: 120/140 MP: 19/35
 45618 | Snake:4  | Noticed Vashnia
 46429 | Snake:4  | Noticed a quicksilver dragon
 46429 | Snake:4  | Noticed a quicksilver dragon
 46438 | Snake:4  | Killed a quicksilver dragon
 46445 | Snake:4  | Killed a quicksilver dragon
 46644 | Snake:4  | Got a serpentine rune of Zot
 46776 | Snake:4  | Killed Aizul
 47325 | Shoals:1 | Entered Level 1 of the Shoals
 47514 | Shoals:1 | Learned a level 7 spell: Spellforged Servitor
 47918 | Shoals:1 | Learned a level 6 spell: Simulacrum
 47939 | Shoals:1 | Found Goeg's Book Emporium.
 48312 | Shoals:1 | Reached skill level 14 in Stealth
 49734 | Shoals:3 | Identified the +0 plate armour "Lavip" {Str+2}
 50511 | Shoals:3 | Noticed Mara
 50628 | Shoals:4 | Entered Level 4 of the Shoals
 51073 | Shoals:4 | Identified the +5 whip of Pestilence {antimagic, rPois}
 51247 | Shoals:4 | Found Isueg's Self-Improvement Boutique.
 51282 | Shoals:4 | Bought a manual of Dodging for 1200 gold pieces
 51403 | Shoals:4 | Noticed Ilsuiw
 51415 | Shoals:4 | Killed Ilsuiw
 51421 | Shoals:4 | Reached XP level 19. HP: 123/148 MP: 9/37
 51473 | Shoals:3 | Identified the cursed +2 helmet of the Clairvoyant Apathy
                  | {Bglg, Alch} (You found it on level 1 of the Shoals)
 51473 | Shoals:3 | Identified the cursed +2 kite shield of the Unyielding Gaze
                  | {reflect, Elem, Comp} (You took it off a naga warrior on
                  | level 4 of the Snake Pit)
 52517 | Shoals:4 | Got a barnacled rune of Zot
 52993 | Vaults:1 | Entered Level 1 of the Vaults
 53464 | Vaults:1 | Reached skill level 15 in Stealth
 55735 | Vaults:2 | Reached skill level 15 in Spellcasting
 56660 | Vaults:2 | Reached XP level 20. HP: 157/157 MP: 23/39
 56954 | Vaults:2 | Found a staircase to the Crypt.
 57698 | Vaults:2 | Noticed Boris
 57943 | Vaults:3 | Reached skill level 15 in Dodging
 58287 | Vaults:3 | Reached skill level 16 in Stealth
 59965 | Vaults:3 | Reached skill level 15 in Invocations
 61304 | Vaults:4 | Noticed Mennas
 61559 | Vaults:4 | Noticed Frederick
 61570 | Vaults:4 | Killed Frederick
 62471 | Depths:1 | Entered Level 1 of the Depths
 62484 | Depths:1 | Reached XP level 21. HP: 157/165 MP: 8/40
 62672 | Elf:1    | Entered Level 1 of the Elven Halls
 63089 | Elf:1    | Identified the Almanac of the Escort
 63114 | Elf:1    | Learned a level 6 spell: Summon Cactus Giant
 63326 | Elf:1    | Reached skill level 17 in Stealth
 63401 | Elf:1    | Found Ecouphuh's Antique Armour Shoppe.
 63774 | Elf:2    | Found Wajawneh's General Store.
 63986 | Elf:2    | Bought a potion of cancellation for 136 gold pieces
 64536 | Elf:2    | Found a runed translucent gate.
 64537 | Elf:2    | Found a runed translucent gate.
 64539 | Elf:2    | Found a runed translucent gate.
 65225 | Elf:2    | Reached skill level 15 in Throwing
 65844 | Elf:3    | Entered Level 3 of the Elven Halls
 66148 | Elf:3    | Found a corrupted altar of Lugonu.
 66294 | Elf:3    | Noticed Louise
 66298 | Elf:3    | Cast into level 3 of the Abyss (Louise)
 66566 | Abyss:3  | Identified the +1 robe of Eternal Vigilance {rF+ rC+}
 66679 | Elf:3    | Escaped the Abyss
 66681 | Elf:3    | Paralysed by an air elemental for 1 turns
 66691 | Elf:3    | Killed Louise
 68017 | Elf:3    | Reached XP level 22. HP: 173/174 MP: 20/42
 68399 | Elf:3    | Reached skill level 18 in Stealth
 68744 | Elf:3    | Identified the amulet of the City {Acrobat rC+ rCorr}
 68903 | Elf:3    | Identified the +2 falchion "Toisoju" {flame, rPois rCorr
                  | Str+4}
 69251 | Elf:3    | Found the +6 arbalest "Damnation" {damnation}
 69824 | D:15     | Reached skill level 15 in Armour
 69890 | D:15     | Reached skill level 15 in Fighting
 69890 | D:15     | Reached skill level 15 in Short Blades
 69890 | D:15     | Reached skill level 15 in Long Blades
 69890 | D:15     | Reached skill level 15 in Axes
 69890 | D:15     | Reached skill level 15 in Maces & Flails
 69890 | D:15     | Reached skill level 15 in Polearms
 69890 | D:15     | Reached skill level 15 in Staves
 69890 | D:15     | Reached skill level 15 in Slings
 69890 | D:15     | Reached skill level 15 in Bows
 69890 | D:15     | Reached skill level 15 in Crossbows
 69890 | D:15     | Reached skill level 15 in Shields
 69890 | D:15     | Reached skill level 15 in Unarmed Combat
 69890 | D:15     | Reached skill level 15 in Evocations
 70492 | Depths:1 | Identified the ring of Circularity {*Slow Fly rN+ Str+4
                  | Int+6}
 70520 | Depths:1 | Found a portal to a secret trove of treasure.
 70692 | Depths:1 | Found a gateway to Hell.
 71989 | Depths:2 | Found Huecva Ryqi's General Store.
 71989 | Depths:2 | Found Jirun's Antique Weapon Shop.
 72269 | Depths:2 | Identified the +2 robe "Haonusche" {Will+}
 72270 | Depths:2 | Identified the +12 long sword "Tywicappyr" {vorpal, rPois
                  | rC+}
 72272 | Depths:2 | Identified the +4 rapier of Burnt Defiance {vorpal, rElec
                  | rC+ Dex+4}
 72284 | Depths:2 | Found a one-way gate leading to the halls of Pandemonium.
 72420 | Depths:2 | Identified the +0 ring mail of Dishonour {Slay+3}
 72422 | Depths:2 | Found a runed translucent door.
 73741 | Depths:2 | Reached XP level 23. HP: 182/182 MP: 18/43
 74171 | Depths:2 | Identified the +3 scimitar "Death Rattle" {flame, rN+}
 74188 | Depths:2 | Reached skill level 19 in Stealth
 75101 | Depths:3 | Upgraded the game from 0.28.0 to 0.28.0-1-gb440e238dd
 75543 | Depths:3 | Found a one-way gate to the infinite horrors of the Abyss.
 75807 | Depths:3 | Noticed a golden dragon
 75817 | Depths:3 | Killed a golden dragon
 75882 | Depths:3 | Found a broken altar of Ashenzari.
 75882 | Depths:3 | Found an iron altar of Okawaru.
 75952 | Depths:3 | Noticed a golden dragon
 76097 | Depths:3 | Found a broken altar of Ashenzari.
 76308 | Depths:4 | Entered Level 4 of the Depths
 78281 | Depths:4 | Found an ornate altar of the Wu Jian Council.
 78679 | Depths:4 | Found a one-way gateway to a ziggurat.
 79343 | Depths:3 | Killed a golden dragon
 79506 | Depths:3 | Noticed a golden dragon
 80695 | Depths:4 | Noticed a golden dragon
 81240 | Depths:4 | Killed a golden dragon
 81252 | Depths:4 | Noticed a golden dragon
 81259 | Depths:4 | Killed a golden dragon
 81482 | Depths:4 | Identified the Handbook of Nocuous Malediction
 81594 | Depths:4 | Reached XP level 24. HP: 191/191 MP: 17/44
 81849 | Depths:4 | Found a gate to the Realm of Zot.
 82510 | Lair:1   | Learned a level 8 spell: Maxwell's Capacitive Coupling
 82654 | Slime:1  | Entered Level 1 of the Pits of Slime
 82677 | Slime:1  | Reached skill level 20 in Stealth
 82758 | Slime:1  | Gained mutation: You are frail. (-10% HP) [a shining eye]
 83193 | Slime:5  | Entered Level 5 of the Pits of Slime
 83375 | Slime:5  | Identified the +9 dagger "Nuzapuet" {speed, rElec Will+}
 83476 | Slime:5  | Gained mutation: You are dopey. (Int -2) [a shining eye]
 83768 | Slime:5  | Noticed the Royal Jelly
 84239 | Slime:5  | Found a viscous altar of Jiyva.
 84239 | Slime:5  | Identified the +4 ring mail "Xiulijuy" {*Slow rElec rF++
                  | Int+2}
 84252 | Slime:5  | Identified the +3 scale mail "Nediydd" {Dex+4}
 84253 | Slime:5  | Identified the +3 rapier of Vanity {speed, rC+}
 84458 | Slime:5  | Found the +10 morningstar "Eos" {elec, Halo rElec}
 84473 | Slime:5  | Killed the Royal Jelly
 85502 | Slime:5  | Got a slimy rune of Zot
 86414 | Depths:3 | Noticed a juggernaut
 86748 | Depths:3 | Killed a juggernaut
 88021 | Zot:1    | Entered Level 1 of the Realm of Zot
 88607 | Zot:2    | Lost mutation: You are dopey. (Int -2) [potion of mutation]
 88607 | Zot:2    | Lost mutation: You are frail. (-10% HP) [potion of
                  | mutation]
 88607 | Zot:2    | Gained mutation: You are occasionally teleported next to
                  | monsters. [potion of mutation]
 88607 | Zot:2    | Gained mutation: Your mind is acute. (Int +2) [potion of
                  | mutation]
 88607 | Zot:2    | Gained mutation: You have large cloven feet. [potion of
                  | mutation]
 88608 | Zot:2    | Lost mutation: You are occasionally teleported next to
                  | monsters. [potion of mutation]
 88608 | Zot:2    | Lost mutation: Your mind is acute. (Int +2) [potion of
                  | mutation]
 88608 | Zot:2    | Gained mutation: You are weak. (Str -2) [potion of
                  | mutation]
 88756 | Zot:3    | Noticed a curse toe
 89116 | Zot:2    | Reached XP level 25. HP: 182/199 MP: 20/45
 91164 | Zot:3    | Reached skill level 21 in Stealth
 91667 | Zot:5    | Entered Level 5 of the Realm of Zot
 92340 | Zot:5    | Learned a level 8 spell: Lehudib's Crystal Spear
 92383 | Zot:5    | Noticed an orb of fire
 92387 | Zot:5    | Noticed a Killer Klown
 92393 | Zot:5    | Noticed a dread lich
 92395 | Zot:5    | Killed an orb of fire
 92400 | Zot:5    | Noticed a Killer Klown
 92401 | Zot:5    | Killed a dread lich
 93008 | Zot:5    | Killed a Killer Klown
 93129 | Zot:5    | Noticed a Killer Klown
 93146 | Zot:5    | Killed a Killer Klown
 93180 | Zot:5    | Noticed a dread lich
 93211 | Zot:5    | Killed a dread lich
 93211 | Zot:5    | Noticed an ancient lich
 93220 | Zot:5    | Killed an ancient lich
 93390 | Zot:5    | Noticed a dread lich
 93471 | Zot:5    | Killed a dread lich
 93556 | Zot:5    | Noticed an ancient lich
 93567 | Zot:5    | Killed an ancient lich
 93911 | Zot:5    | Got the Orb of Zot
 93958 | Zot:5    | Killed a Killer Klown
 94080 | Zot:2    | Reached XP level 26. HP: 143/217 MP: 15/48
 94128 | Zot:1    | Found a transporter.
 94313 | Depths:4 | Noticed Muwkest the pandemonium lord
 94344 | Depths:3 | Noticed Cigu the pandemonium lord
 94356 | Depths:3 | Killed Cigu the pandemonium lord
 94357 | Depths:3 | Reached skill level 15 in Conjurations
 94357 | Depths:3 | Reached skill level 15 in Summonings
 94357 | Depths:3 | Reached skill level 15 in Translocations
 94392 | Depths:3 | Noticed Amavopp the pandemonium lord
 94726 | D:5      | Gained mutation: You sometimes lose the ability to read
                  | scrolls when taking damage. [a cacodemon]
 94765 | D:4      | Lost mutation: You sometimes lose the ability to read
                  | scrolls when taking damage. [potion of mutation]
 94765 | D:4      | Lost mutation: You are weak. (Str -2) [potion of mutation]
 94765 | D:4      | Lost mutation: You have large cloven feet. [potion of
                  | mutation]
 94765 | D:4      | Gained mutation: You expend magic power (3 MP) to
                  | strengthen your wands. [potion of mutation]
 94765 | D:4      | Gained mutation: You have hidden genetic potential. [potion
                  | of mutation]
 94765 | D:4      | Gained mutation: Your flesh is cold resistant. (rC+)
                  | [potion of mutation]
 94765 | D:4      | Gained mutation: You passively map a small area around you.
                  | [potion of mutation]
 94793 | D:4      | Reached skill level 22 in Stealth
 94904 | D:$      | Escaped with the Orb!

Illustrated notes

Levels and vault maps discovered:
D:1:      minmay_arrival_split_and_join, layout_basic,
          chequers_ecumenical_altar_simple_redux, st_stairs_3, solitary_fountain
D:2:      layout_basic, basic_altar, minmay_tetromino_s2, uniq_robin,
          uniq_terence
D:3:      layout_basic, dk_noncrumbling_4, minmay_stone_trees_small,
          grunt_decor_one_mirror, minmay_circle_x, uniq_jessica
D:4:      layout_basic, tso_altar
D:5:      layout_basic, nicolae_ossuary_entry_false_entrances, uniq_menkaure,
          uniq_grinder
D:6:      layout_rooms, uniq_prince_ribbit1
D:7:      layout_basic, minmay_temple_entry_crystal_x
D:8:      lemuel_ice_spiral_2, layout_basic, ebering_ghost_xom
D:9:      layout_loops_cross, led_xom_imps, minmay_lair_entry_grove,
          kennysheep_generic_room_14, uniq_pikel
D:10:     layout_loops_ring, david_orc_5
D:11:     layout_cave_pods, portal_ice_cave_demonic_guard, minmay_diced_spiral
D:12:     layout_gridville, kennysheep_generic_room_9
D:13:     layout_small_grid, david_vaults_3, serial_shops, nicolae_shop_stone
D:14:     layout_basic
D:15:     hangedman_depths_entry_civil_slaughter, layout_loops_ring,
          serial_bayou_lagoon_a, uniq_kirke
Lair:1:   layout_misc_corridors
Lair:2:   layout_roguey, uniq_harold
Lair:3:   layout_cave_pods, serial_bayou_shore_a, uniq_urug, uniq_gastronok
Lair:4:   layout_layer_cave, elwin_shoals_entry_rooms
Lair:5:   layout_long_grid, basic_altar, chequers_serial_rivers_micro_c
Lair:6:   cheibrodos_lair_end_hotspot, layout_layer_cave,
          nicolae_slime_entry_slimehenge
Shoals:1: layout_shoals, serial_shops,
          nicolae_shop_temple_entry_statues_fountains
Shoals:2: layout_shoals
Shoals:3: layout_shoals, uniq_mara
Shoals:4: shoals_end_hangedman, layout_shoals, shoals_ilsuiw_ice,
          nicolae_shop_self_help
Snake:1:  layout_cave_shapes, basic_altar, guppyfry_library_mini
Snake:2:  layout_layer_cave
Snake:3:  layout_chambers, serial_bayou_shore_b, grunt_megastairs_2
Snake:4:  hellmonk_snake_rune_quicksilver_temple, layout_cave_town,
          serial_shops, shop, basic_altar, grunt_megastairs_1, uniq_aizul,
          uniq_donald, uniq_vashnia
Slime:1:  layout_caves
Slime:2:  layout_caves
Slime:3:  layout_caves
Slime:4:  cheibrodos_slime_lost_civilization_8, layout_caves
Slime:5
Orc:1:    layout_diamond_mine, serial_shops, nicolae_shop_stone,
          nicolae_shop_waterfront, ebering_ghost_xom, basic_altar,
          library_closet, uniq_fannar
Orc:2:    st_orc_pillars, layout_caves, serial_shops, nicolae_shop_crystal,
          nooodl_orcs_dogs, uniq_maurice, uniq_jorgrun
Elf:1:    eino_elf_arrival_customs, layout_loops_cross, serial_shops, shop,
          minmay_elf_demonology, grunt_megastairs_3
Elf:2:    elven_hall_of_blades_hangedman_original [mumra_blade_entry_bloodbath],
          layout_onion_city, serial_shops, nicolae_shop_trees,
          nicolae_twisting_strands
Elf:3:    elf_hall, layout_gridlike, minmay_misc_feat_five,
          minmay_misc_feat_alley, nicolae_elf_theology_debate, uniq_louise
Vaults:1: vaults_dpeg_spiral, nicolae_vaults_big_angled_halls,
          nicolae_vaults_angled_halls, st_cells, vaults_room_grid,
          vaults_dpeg_ring, grunt_vaults_bifocal, v_misc_18,
          nicolae_vaults_little_squares_1, vaults_room_hallway,
          layout_vaults_ring
Vaults:2: vaults_mumra_minichess_inversion,
          nicolae_vaults_windows_and_doors_thing, minmay_crypt_entry_simple_box,
          v_alt_pattern_6, v_pattern_1, hangedman_vaults_stretched_pinwheel,
          vaults_dpeg_hooks, layout_vaults_omnibox, uniq_boris
Vaults:3: nicolae_vaults_shelves_hall, hangedman_vaults_slither,
          nicolae_vaults_network_star, hangedman_vaults_impose, v_misc_3,
          grunt_vaults_focal, nicolae_vaults_border_crossing,
          nicolae_vaults_asterisk, layout_vaults_quadrants
Vaults:4: infiniplex_enter_wizlab_glasses, v_misc_29,
          nicolae_vaults_puzzle_piece, ontoclasm_vaults_idyll,
          vaults_room_door_hall, ontoclasm_vaults_spin,
          nicolae_vaults_circle_grid_a, st_lattice, ontoclasm_vaults_gateway,
          grunt_vaults_hallway_short, nicolae_vaults_angled_halls,
          layout_vaults_omnicross, serial_shops, nicolae_shop_hallway_plus,
          uniq_frederick, uniq_mennas
Depths:1: layout_cave_pools, enter_trove_6, grunt_hell_entry_dis_mu,
          minmay_door_square, kennysheep_just_a_vault
Depths:2: minmay_skeleton_keep, layout_basic, serial_glass, glass_columns_c,
          glass_columns_b, due_unseen_surprise, minmay_strange_pillars,
          pan_entry, pf_vacation_house_of_asmodeus, kennysheep_treasure_room,
          infiniplex_staircase_zigzag_4, minmay_shoptagon
Depths:3: hangedman_slaughterboxes, abyss_entry, hell_entry
Depths:4: lemuel_castle_with_subvaults [lemuel_castle_interior_carwin_1],
          layout_cross, enter_ziggurat_f, abyss_entry_glasseish, hell_entry,
          drop_trap, nicolae_wu_jian_immortal_techniques
Zot:1:    gammafunk_dig_for_victory, layout_cathedral_of_symmetry
Zot:2:    layout_gridlike, lemuel_elevator
Zot:3:    cheibrodos_zot_enchanting_chambers, layout_cellular_growth
Zot:4:    kennysheep_ambush_hall, layout_basic, skrybe_zot_glass_2
Zot:5:    layout_basic

Skill      XL: |  1  2  3  4  5  6  7  8  9 10 11 12 13 14 15 16 17 18 19 20 21 22 23 24 25 26 |
---------------+-------------------------------------------------------------------------------+-----
Conjurations   | 2 3 4 5 6 7 8 9 10 11 12 13 14 15 | 15.0
Summonings     | 2 3 4 5 6 7 8 9 10 11 12 13 14 15 | 15.0
Translocations | 2 3 4 5 6 7 8 9 10 11 12 13 14 15 | 15.0
Invocations    | 1 2 3 4 5 6 7 8 9 10 11 12 13 14 15 16 17 18 | 18.9
Fighting       | 1 2 3 4 5 6 7 8 9 10 11 12 13 14 15 16 17 | 17.5
Short Blades   | 1 2 3 4 5 6 7 8 9 10 11 12 13 14 15 16 17 | 17.5
Long Blades    | 1 2 3 4 5 6 7 8 9 10 11 12 13 14 15 16 17 | 17.5
Axes           | 1 2 3 4 5 6 7 8 9 10 11 12 13 14 15 16 17 | 17.5
Maces & Flails | 1 2 3 4 5 6 7 8 9 10 11 12 13 14 15 16 17 | 17.5
Polearms       | 1 2 3 4 5 6 7 8 9 10 11 12 13 14 15 16 17 | 17.5
Staves         | 1 2 3 4 5 6 7 8 9 10 11 12 13 14 15 16 17 | 17.5
Slings         | 1 2 3 4 5 6 7 8 9 10 11 12 13 14 15 16 17 | 17.5
Bows           | 1 2 3 4 5 6 7 8 9 10 11 12 13 14 15 16 17 | 17.5
Crossbows      | 1 2 3 4 5 6 7 8 9 10 11 12 13 14 15 16 17 | 17.5
Throwing       | 1 2 3 4 5 6 7 8 9 10 11 12 13 14 15 16 17 19 20 | 20.3
Armour         | 1 2 3 4 5 6 7 8 9 10 11 12 13 14 15 17 18 19 | 19.6
Shields        | 1 2 3 4 5 6 7 8 9 10 11 12 13 14 15 16 17 | 17.5
Unarmed Combat | 1 2 3 4 5 6 7 8 9 10 11 12 13 14 15 16 17 | 17.5
Evocations     | 1 2 3 4 5 6 7 8 9 10 11 12 13 14 15 16 17 | 17.5
Hexes          | 1 2 3 4 5 6 7 8 9 10 11 12 13 14 | 14.9
Necromancy     | 1 2 3 4 5 6 7 8 9 10 11 12 13 14 | 14.9
Transmutations | 1 2 3 4 5 6 7 8 9 10 11 12 13 14 | 14.9
Fire Magic     | 1 2 3 4 5 6 7 8 9 10 11 12 13 14 | 14.9
Ice Magic      | 1 2 3 4 5 6 7 8 9 10 11 12 13 14 | 14.9
Air Magic      | 1 2 3 4 5 6 7 8 9 10 11 12 13 14 | 14.9
Earth Magic    | 1 2 3 4 5 6 7 8 9 10 11 12 13 14 | 14.9
Poison Magic   | 1 2 3 4 5 6 7 8 9 10 11 12 13 14 | 14.9
Dodging        | 5 6 7 8 9 10 11 12 13 14 15 17 18 19 20 21 | 21.4
Stealth        | 5 6 7 8 9 10 11 12 13 14 15 16 17 18 19 20 21 22 | 22.0
Spellcasting   | 8 9 10 11 12 13 14 15 16 17 18 | 18.7

Action                   |  1- 3 |  4- 6 |  7- 9 | 10-12 | 13-15 | 16-18 | 19-21 | 22-24 | 25-27 || total
-------------------------+-------+-------+-------+-------+-------+-------+-------+-------+-------++-------
Melee: Dagger            |     3 |    31 |    54 |    21 |       |       |       |       |       ||   109
       Bite              |       |     3 |    16 |    47 |    61 |    16 |    55 |   105 |    21 ||   324
       Punch             |       |     1 |     3 |       |       |     2 |     2 |       |       ||     8
       Short sword       |       |       |    32 |   244 |   101 |       |       |       |       ||   377
       Staff             |       |       |       |       |   180 |       |       |   154 |   147 ||   481
       Demon blade       |       |       |       |       |   173 |   155 |   321 |   324 |       ||   973
       Unarmed           |       |       |       |       |       |    12 |    13 |       |       ||    25
 Cast: Magic Dart        |    81 |   139 |   223 |   228 |   185 |       |       |       |       ||   856
       Call Imp          |     2 |     6 |    31 |    37 |    24 |       |       |       |       ||   100
       Blink             |       |     2 |     3 |       |     1 |       |       |     1 |     2 ||     9
       Slow              |       |     1 |       |     1 |       |       |       |       |       ||     2
       Static Discharge  |       |     8 |       |       |       |       |       |       |       ||     8
       Mephitic Cloud    |       |     1 |    14 |    18 |    14 |     4 |     7 |     7 |     1 ||    66
       Call Canine Famil |       |       |    23 |    55 |    34 |     2 |       |       |       ||   114
       Summon Lightning  |       |       |       |    64 |   117 |   134 |   114 |    18 |     8 ||   455
       Sticky Flame      |       |       |       |     1 |     6 |     1 |       |       |       ||     8
       Airstrike         |       |       |       |       |   298 |  1045 |   873 |  1161 |   233 ||  3610
       Anguish           |       |       |       |       |    13 |     2 |       |       |     1 ||    16
       Conjure Flame     |       |       |       |       |     1 |       |       |       |       ||     1
       Storm Form        |       |       |       |       |       |     2 |       |       |       ||     2
       Spellforged Servi |       |       |       |       |       |    14 |   100 |   153 |    46 ||   313
       Simulacrum        |       |       |       |       |       |     3 |       |     1 |       ||     4
       Summon Cactus Gia |       |       |       |       |       |       |    41 |   175 |    53 ||   269
       Maxwell's Capacit |       |       |       |       |       |       |       |     1 |       ||     1
       Lehudib's Crystal |       |       |       |       |       |       |       |       |    16 ||    16
Invok: Curse Item        |     1 |       |       |     2 |     7 |     3 |       |     1 |     1 ||    15
       Shatter the Chain |       |       |       |     1 |       |     2 |       |     2 |       ||     5
 Abil: Blinkbolt         |       |       |       |       |       |     1 |       |       |       ||     1
       Evoke Blink       |       |       |       |       |       |     1 |       |     2 |     1 ||     4
Evoke: Wand              |       |       |    10 |       |     1 |       |       |       |     3 ||    14
       Condenser vane    |       |       |       |       |       |     1 |       |       |       ||     1
       Box of beasts     |       |       |       |       |       |       |       |     1 |     2 ||     3
       Phantom mirror    |       |       |       |       |       |       |       |     1 |     2 ||     3
  Use: Scroll            |       |     9 |     8 |     2 |     6 |     7 |     4 |     5 |     9 ||    50
       Potion            |       |       |       |       |       |       |     6 |     7 |     7 ||    20
 Stab: Sleeping          |     3 |     5 |     9 |     2 |     4 |       |     1 |     2 |       ||    26
       Confused          |       |     1 |     5 |     4 |    13 |     1 |    11 |     3 |     1 ||    39
       Distracted        |       |       |       |     6 |    17 |     6 |     8 |     7 |     3 ||    47
       Petrified         |       |       |       |       |     4 |       |       |       |       ||     4
       Petrifying        |       |       |       |       |     1 |       |       |       |       ||     1
       Betrayed ally     |       |       |       |       |       |       |       |     1 |       ||     1
Armor: Robe              |       |     3 |     9 |    21 |       |       |       |       |       ||    33
       Ring mail         |       |       |       |    84 |   119 |    70 |    86 |   210 |    82 ||   651
       Skin              |       |       |       |       |       |     4 |     3 |       |       ||     7
Dodge: Dodged            |     8 |    55 |    76 |   189 |   206 |   141 |   176 |   330 |   128 ||  1309
Block: Buckler           |       |       |       |    75 |    88 |    48 |       |       |       ||   211
       Tower shield      |       |       |       |       |       |    80 |       |       |       ||    80
       Reflection        |       |       |       |       |       |    40 |    48 |    10 |     4 ||   102
       Kite shield       |       |       |       |       |       |    47 |   206 |   417 |   167 ||   837
